 Dungeon Crawl Stone Soup version 0.28-a0-863-g8cecda6153 (webtiles) character file.

Game seed: 2420888613056468773

16 gigimoi the Magician (level 2, 0/20 HPs)
             Began as a Draconian Hedge Wizard on Nov 18, 2021.
             Succumbed to an adder's poison
             ... on level 2 of the Dungeon.
             The game lasted 00:03:51 (1396 turns).

gigimoi the Magician (Draconian Hedge Wizard)       Turns: 1396, Time: 00:03:52

Health: 0/20       AC:  4    Str: 12    XL:     2   Next: 41%
Magic:  3/6        EV: 12    Int: 14    God:
Gold:   78         SH:  0    Dex: 10    Spells: 6/7 levels left

rFire   . . .      SeeInvis .   d - +0 hand axe (vorpal)
rCold   . . .      Faith    .   (no shield)
rNeg    . . .      Spirit   .   (armour unavailable)
rPois   .          Reflect  .   b - +0 hat
rElec   .          Harm     .   (no cloak)
rCorr   .          Rampage  .   (no gloves)
Will    .....                   (no boots)
Stlth   ++........              (no amulet)
HPRegen 0.06/turn               (no ring)
MPRegen 0.10/turn               (no ring)

@: lethally poisoned (0 -> -2)
A: AC +4, unfitting armour, cold-blooded
a: no special abilities


You were on level 2 of the Dungeon.
You visited 1 branch of the dungeon, and saw 2 of its levels.

You collected 78 gold pieces.

Inventory:

Hand Weapons
 a - a +0 dagger
 d - a +0 vorpal hand axe (weapon)
Armour
 b - a +0 hat (worn)


   Skills:
 + Level 1.9 Dodging
 + Level 2.0 Stealth
 + Level 3.1 Spellcasting
 + Level 1.3 Conjurations
 + Level 1.3 Summonings
 + Level 1.3 Translocations


You had 6 spell levels left.
You knew the following spells:

 Your Spells              Type           Power      Damage    Failure   Level
a - Magic Dart            Conj           20%        1d4       13%         1

Your spell library contained the following spells:

 Spells                   Type           Power      Damage    Failure   Level
 Blink                    Tloc           10%        N/A       19%         2
 Call Imp                 Summ           5%         N/A       19%         2
 Slow                     Hex            8%         N/A       22%         1
 Sublimation of Blood     Necr           2%         N/A       32%         2
 Wereblood                Tmut           2%         N/A       32%         2
 Conjure Flame            Conj/Fire      4%         6-21      43%         3
 Mephitic Cloud           Conj/Pois/Air  3%         N/A       47%         3
 Summon Hydra             Summ           2%         N/A       100%        7


Dungeon Overview and Level Annotations

Branches:
Dungeon (2/15)

Altars:


Innate Abilities, Weirdness & Mutations

Your plain brown scales are hard. (AC +4)
You cannot fit into any form of body armour.
You are cold-blooded and may be slowed by cold attacks.


Message History

The adder barely misses you. The adder bites you.
You miss the adder.
The adder is severely wounded.
The adder bites you but does no damage.
You barely miss the adder.
The adder is severely wounded.
The adder bites you.
You are poisoned.
The adder poisons you! The adder barely misses you.
Your magical contamination has completely faded away.
You barely miss the adder.
The adder is severely wounded.
You feel sick. The adder bites you. x2
You are lethally poisoned!
The adder poisons you!
You closely miss the adder.
The adder is severely wounded.
You feel sick. The adder bites you but does no damage.
You barely miss the adder.
Your tail-slap misses the adder.
The adder is severely wounded.
* * * LOW HITPOINT WARNING * * *
You feel very sick. The adder bites you.
* * * LOW HITPOINT WARNING * * *
The adder barely misses you.
As you read the scroll labelled XIH JE GAXOUTT, it crumbles to dust.
You feel aware of your surroundings.
It was a scroll of magic mapping.
* * * LOW HITPOINT WARNING * * *
You feel sick. The adder barely misses you.
As you read the scroll labelled QORARE OKOJUES, it crumbles to dust.
It is a scroll of identify.
e - a scroll of immolation
* * * LOW HITPOINT WARNING * * *
You feel sick. The adder barely misses you. The adder closely misses you.
As you read the scroll of immolation, it crumbles to dust.
The creatures around you are filled with an inner flame!
* * * LOW HITPOINT WARNING * * *
You feel sick. The adder closely misses you.
Found a stone staircase leading down.
You die...

*,** *#.#.# ####*******,,,,,,,
**,**#.*#.# #..,,,,,,,,,,,,*,,
**,..**#.# #.#####****,**,,,,
*#.** #.####.....###*,*,,,,,, #,*
#.............,***,,,,,
**,**#######.#####.#*,*,,,,,,
*****,,,*#......S#.#,,,,**,**,,,,
*,,,,,,,,>.#####..#,,*,,**,**,*,,
*,***,,,**** **#@##*,*,,**,,,,,*,
*,* **,** #..#.#,,*,,,*,,,,,,,
*,* *,* #..*#..,,,,*,,**,,** *,*
*,* *#..**....,,,,,**,,**
*,****,******..$**,.....,,,,,,,**
*,,,,,,,,,,,..!.**,.....,*****,**
*,,***,****##.>.*,,,....** *,,,
*,,* *,*****###.,,,,..#>* ***,
*,,* *,**,,,,,,,,,,,,,*,********,


You could see an adder (inner flame).

Vanquished Creatures
  A dart slug (D:1)
  An endoplasm (D:1)
  2 goblins (D:1)
  A hobgoblin (D:1)
  2 ball pythons (D:1)
  3 bats (D:1)
  2 kobolds (D:1)
  2 rats (D:1)
14 creatures vanquished.

Notes
Turn   | Place    | Note
-------+----------+-------------------------------------------
     0 | D:1      | gigimoi the Draconian Hedge Wizard began the quest for the
                  | Orb.
     0 | D:1      | Reached XP level 1. HP: 14/14 MP: 4/4
   638 | D:1      | Reached XP level 2. HP: 20/20 MP: 1/6
  1225 | D:1      | Found a faded altar of an unknown god.
  1395 | D:2      | HP: 1/20 [poisoned by an adder]
  1396 | D:2      | Succumbed to an adder's poison

Illustrated notes

Levels and vault maps discovered:
D:1:      zelgadis_glass_arrival_large, layout_basic,
          shapermc_ecumenical_altar_notcrosses
D:2:      layout_loops_ring, uniq_natasha

Skill      XL: |  1  2 |
---------------+-------+-----
Stealth        | 2 |  2.0
Dodging        | |  1.9
Spellcasting   | |  3.1
Conjurations   | |  1.3
Summonings     | |  1.3
Translocations | |  1.3

Action                   || total
-------------------------++-------
Melee: Dagger            ||     9
       Tailslap          ||     1
       Hand axe          ||     7
 Cast: Magic Dart        ||    38
  Use: Scroll            ||     3
Armor: Skin              ||     9
Dodge: Dodged            ||    15

Table legend: (Time is in decaauts)
 A = Elapsed time spent in this place.
 B = Non-inter-level travel time spent in this place.
 C = Inter-level travel time spent in this place.
 D = Time resting spent in this place.
 E = Time spent auto-exploring this place.
 F = Levels seen in this place.
 G = Mean time per level.
                   A        B        C        D        E       F      G
               +--------+--------+--------+--------+--------+-----+--------+
         Total |   1397 |   1371 |     26 |    520 |    720 |   2 |  698.5 |
       Dungeon |   1397 |   1371 |     26 |    520 |    720 |   2 |  698.5 |
               +--------+--------+--------+--------+--------+-----+--------+

Top non-repeatable levels by time:
     D:1: 1366 daAuts
     D:2: 30 daAuts
